 Dungeon Crawl Stone Soup version 0.25-a0-279-g53730b6a6f (webtiles) character file.

Game seed: 6641679868104385691, levelgen mode: deterministic

168 Nixze the Firebug (level 5, -8/38 HPs)
             Began as a Draconian Fire Elementalist on Dec 10, 2019.
             Was a Follower of Makhleb.
             Mangled by an ogre
             ... wielding a +0 giant club
              (31 damage)
             ... on level 4 of the Dungeon.
             The game lasted 00:07:42 (3331 turns).

Nixze the Firebug (Draconian Fire Elementalist)     Turns: 3331, Time: 00:07:43

Health: -8/38      AC:  7    Str: 11    XL:     5   Next: 24%
Magic:  0/2        EV: 11    Int: 16    God:    Makhleb [*.....]
Gold:   148        SH:  0    Dex: 11    Spells: 4/8 levels left

rFire    . . .     SeeInvis .   e - +2 mace (antimagic)
rCold    . . .     Gourm    .   (no shield)
rNeg     . . .     Faith    .   (armour unavailable)
rPois    .         Spirit   .   (helmet restricted)
rElec    .         Reflect  .   (no cloak)
rCorr    .         Harm     .   (no gloves)
MR       .....                  c - +1 pair of boots
Stlth    +.........             (no amulet)
HPRegen  0.12/turn              (no ring)
MPRegen  0.08/turn              (no ring)

@: heavily drained
A: unfitting armour, cold-blooded, AC +5
a: Renounce Religion


You were on level 4 of the Dungeon.
You worshipped Makhleb.
Makhleb was aware of your devotion.
You were hungry.

You visited 1 branch of the dungeon, and saw 4 of its levels.

You collected 148 gold pieces.

Inventory:

Hand Weapons
 e - a +2 antimagic mace (weapon)
Missiles
 l - 18 poisoned darts (quivered)
Armour
 c - a +1 pair of boots (worn)
 f - a +0 buckler
Scrolls
 a - 2 scrolls of teleportation
 d - a scroll of enchant armour
 j - 2 scrolls of remove curse
 k - a scroll of identify
 m - a scroll of enchant weapon {unknown}
Potions
 g - 2 potions of brilliance {unknown}
 i - a potion of heal wounds
 n - a potion of might {unknown}
Comestibles
 b - 5 rations


   Skills:
 - Level 1.7(0.6) Dodging
 - Level 1.7(0.6) Stealth
 - Level 2.0(0.8) Spellcasting
 - Level 1.0(0.0) Conjurations
 * Level 6.0(4.7) Fire Magic


You had 4 spell levels left.
You knew the following spells:

 Your Spells              Type           Power        Failure   Level  Hunger
a - Foxfire               Conj/Fire      #...         9%          1    ##.....
b - Conjure Flame         Conj/Fire      #.......     26%         3    ####...

Your spell library contained the following spells:

 Spells                   Type           Power        Failure   Level  Hunger
 Magic Dart               Conj           #...         24%         1    ##.....
 Inner Flame              Hex/Fire       #.......     26%         3    ####...
 Blink                    Tloc           N/A          34%         2    ###....
 Call Imp                 Summ           #.......     34%         2    ###....
 Slow                     Hex            #.......     34%         2    ###....
 Mephitic Cloud           Conj/Pois/Air  #.......     56%         3    ####...
 Sticky Flame             Conj/Fire      #.......     65%         4    #####..
 Fireball                 Conj/Fire      #.........   94%         5    ######.


Dungeon Overview and Level Annotations

Branches:
Dungeon (4/15)
 Temple: D:4-7

Altars:
Elyvilon
Makhleb
Okawaru
Trog
Yredelemnul


Innate Abilities, Weirdness & Mutations

Your plain brown scales are hard. (AC +5)
You cannot fit into any form of body armour.
You are cold-blooded and may be slowed by cold attacks.


Message History

Makhleb accepts your kill.
Your base Fire Magic skill increases to level 6!
Casting: Foxfire (safe; 9% risk of failure)
Confirm with . or Enter, or press ? or * to list all spells.
You conjure some foxfire!
The ogre barely misses you.
The foxfire hits the ogre.
The ogre is severely wounded.
The ogre hits you but does no damage.
It was a potion of heal wounds.
You feel much better.
You hit the ogre but do no damage.
The ogre is severely wounded.
The ogre hits you with a +0 giant club!
You barely miss the ogre.
The ogre is severely wounded.
The ogre closely misses you.
You hit the ogre.
The ogre is severely wounded.
The ogre hits you with a +0 giant club!!
Ouch! That really hurt!
You die...

........## ##.......[..#
#.
.^######.###..####.#####
#. ##.#.#.# #.# #.
##.##.# #.# #. #O##.#
#.# #. #.##.# #.## #.
#.##.# #..# #.
#####.##O## ##### ####
#. #.....##.@# ##>##
#..# #. ##O.#######
8...8 ##.####. ........#
#.....##.......
........#
8.....8##.####.
≈≈......# ##.....##..##
#. ..≈.....#
#8...8##...# #.
..≈.....# ###.# #.
≈≈......# #.# #.
⌠.......# #.###.


You could see an ogre.

Vanquished Creatures
  An orc wizard (D:4)
  A worker ant (D:4)
  2 adders (D:2)
  2 oozes (D:4)
  3 worms (D:2)
  2 dart slugs (D:2)
  A leopard gecko (D:1)
  3 orcs
  6 bats
  3 giant cockroaches
  9 goblins
  11 hobgoblins
  13 jackals
  A kobold (D:1)
  5 frilled lizards
  A quokka skeleton (D:4)
  3 rats
67 creatures vanquished.

Vanquished Creatures (others)
  168 foxfires
168 creatures vanquished.

Grand Total: 235 creatures vanquished

Notes
Turn   | Place    | Note
-------+----------+-------------------------------------------
     0 | D:1      | Nixze the Draconian Fire Elementalist began the quest for
                  | the Orb.
     0 | D:1      | Reached XP level 1. HP: 14/14 MP: 3/3
   232 | D:1      | Reached XP level 2. HP: 20/20 MP: 1/5
   526 | D:1      | Reached skill level 4 in Fire Magic
  1092 | D:2      | Reached XP level 3. HP: 26/26 MP: 2/6
  1648 | D:2      | Learned a level 3 spell: Conjure Flame
  1858 | D:2      | Reached XP level 4. HP: 33/33 MP: 2/7
  1928 | D:2      | Reached skill level 5 in Fire Magic
  2398 | D:2      | Found a burning altar of Makhleb.
  2403 | D:2      | Became a worshipper of Makhleb the Destroyer
  2555 | D:3      | Found a faded altar of an unknown god.
  2702 | D:3      | Found a white marble altar of Elyvilon.
  2754 | D:3      | Found an iron altar of Okawaru.
  2754 | D:3      | Found a bloodstained altar of Trog.
  2930 | D:3      | Found a basalt altar of Yredelemnul.
  3164 | D:4      | Reached * piety under Makhleb
  3164 | D:4      | Reached XP level 5. HP: 32/38 MP: 0/8
  3296 | D:4      | Noticed an ogre
  3325 | D:4      | Reached skill level 6 in Fire Magic
  3331 | D:4      | Mangled by an ogre

Levels and vault maps discovered:
D:1:      erik_arrival_cave_to_civilisation [erik_arrival_cave_to_hall],
          layout_basic
D:2:      layout_loops_ring, lightli_temple_of_fire, first_ration
D:3:      layout_rooms, kennysheep_ying_yang, gammafunk_temple_overflow_wave,
          chequers_ecumenical_altar_simple_redux, minmay_quantized
D:4:      cheibrodos_helix_gallery, layout_loops_ring,
          nicolae_overflow_hidden_temple, grunt_ministairs_8

Skill      XL: |  1  2  3  4  5 |
---------------+----------------+-----
Fire Magic     | 4 5 6 |  6.0
Dodging        | |  1.7
Stealth        | |  1.7
Spellcasting   | |  2.0
Conjurations   | |  1.0

Action                   |  1- 3 |  4- 6 || total
-------------------------+-------+-------++-------
Melee: Dagger            |     9 |       ||     9
       Unarmed           |     1 |       ||     1
       Mace              |       |    37 ||    37
       War axe           |       |     3 ||     3
       Tailslap          |       |     3 ||     3
 Cast: Foxfire           |    61 |    43 ||   104
  Use: Scroll            |       |     6 ||     6
       Potion            |       |     1 ||     1
 Stab: Sleeping          |       |     1 ||     1
  Eat: Chunk             |     4 |     5 ||     9
Armor: Skin              |    13 |    32 ||    45
Dodge: Dodged            |    27 |    64 ||    91

Table legend:
 A = Non-vault XP
 B = Vault XP
 C = Vault XP percentage of total XP
 D = Non-vault monster count
 E = Vault monster count
 F = Vault count percentage of total count
                 A         B        C        D         E       F
            +---------+---------+-------+---------+---------+-------
      Total |     190 |      51 |  21.2 |      58 |       9 |  13.4
            +---------+---------+-------+---------+---------+-------
        D:1 |      28 |       4 |  12.5 |      16 |       2 |  11.1
        D:2 |      86 |       0 |   0.0 |      28 |       0 |   0.0
        D:3 |      15 |      13 |  46.4 |       8 |       6 |  42.9
        D:4 |      61 |      34 |  35.8 |       6 |       1 |  14.3
            +---------+---------+-------+---------+---------+-------
